 Dungeon Sprint DCSS version 0.23.1 (webtiles) character file.

Game seed: 4738467222464236975

1092 nuthulu the Unseen (level 8, -3/36 HPs)
             Began as a Spriggan Enchanter on Mar 12, 2019.
             Was a Believer of Dithmenos.
             Slain by a jumping spider (15 damage)
             ... in the Dungeon (Sprint V: "Ziggurat Sprint").
             The game lasted 00:01:56 (256 turns).

nuthulu the Unseen (Spriggan Enchanter)              Turns: 256, Time: 00:01:57

Health: -3/36      AC:  2    Str:  4    XL:     8   Next: 9%
Magic:  17/21      EV: 32    Int: 16    God:    Dithmenos [**....]
Gold:   0          SH:  0    Dex: 31    Spells: 12/24 levels left

rFire    . . .     SeeInvis +   E - +5 quick blade
rCold    . . .     Gourm    .   (shield restricted)
rNeg     . . .     Faith    .   b - +0 robe
rPois    .         Spirit   .   (helmet restricted)
rElec    .         Reflect  .   (no cloak)
rCorr    .         Harm     .   (gloves unavailable)
MR       +....     NoTele   +   (boots unavailable)
Stlth    +++++++++.             (no amulet)
HPRegen  0.12/turn              z - +6 ring of dexterity
MPRegen  0.17/turn              y - +6 ring of dexterity

@: wreathed by umbra, very quick
A: very small, unfitting armour, see invisible, herbivore, speed 3, slow
metabolism 2
a: Shadow Step, Renounce Religion


You were in the Dungeon.
You worshipped Dithmenos.
Dithmenos was pleased with you.
You were not hungry.

You visited 1 branch

Inventory:

Hand Weapons
 a - a +1 dagger
 E - a +5 quick blade (weapon)
Armour
 b - a +0 robe (worn)
Jewellery
 y - a +6 ring of dexterity (right hand)
 z - a +6 ring of dexterity (left hand)
 A - a +6 ring of intelligence
 B - a +6 ring of intelligence
 C - a +6 ring of strength
 D - a +6 ring of strength
Wands
 v - a wand of disintegration (7)
 w - a wand of iceblast (7)
 x - a wand of acid (7)
Scrolls
 j - 4 scrolls of blinking
 p - 4 scrolls of amnesia
 q - 7 scrolls of fog
 r - a scroll of holy word
 s - 5 scrolls of identify
 t - 5 scrolls of remove curse
 u - 2 scrolls of fear
Potions
 c - 2 potions of brilliance
 e - 10 potions of curing
 f - 13 potions of heal wounds
 g - 6 potions of haste
 h - 7 potions of magic
 i - 3 potions of berserk rage
 l - 4 potions of resistance
 n - 5 potions of agility
 o - 3 potions of might
Comestibles
 d - 8 rations


   Skills:
 - Level 7.4 Short Blades
 + Level 11.2 Dodging
 * Level 16.6 Stealth
 - Level 8.6 Spellcasting
 - Level 9.0 Hexes


You had 12 spell levels left.
You knew the following spells:

 Your Spells              Type           Power        Failure   Level  Hunger
a - Corona                Hex            #####..      1%          1    None
b - Confuse               Hex            #####...     1%          3    #......
c - Tukima's Dance        Hex            #####...     1%          3    #......
d - Ensorcelled Hibernat  Hex/Ice        ###...       2%          2    None
e - Dazzling Spray        Conj/Hex       ###...       4%          3    #......

Your spell library contained the following spells:

 Spells                   Type           Power        Failure   Level  Hunger


Dungeon Overview and Level Annotations

Branches:
Dungeon (1/1)

Altars:
Ashenzari
Cheibriados
Dithmenos
Elyvilon
Fedhas
Gozag
Hepliaklqana
Kikubaaqudgha
Makhleb
Nemelex Xobeh
Okawaru
Qazlal
Ru
Sif Muna
Trog
Uskayaw
Vehumet
Wu Jian
Xom
Yredelemnul
Zin
The Shining One
Beogh
Jiyva
Lugonu

Annotations:
D 1 transporter


Innate Abilities, Weirdness & Mutations

You are very small and have problems with some larger weapons.
You are too small for most types of armour.
You have supernaturally acute eyesight. (SInv)
You are a herbivore.
You cover ground extremely quickly.
You need to consume almost no food.


Message History

Casting: Ensorcelled Hibernation (safe; 2% risk of failure)
Confirm with . or Enter, or press ? or * to list all spells.
Aiming: Ensorcelled Hibernation (safe; 2% risk of failure)
Press: ? - help, Shift-Dir - straight line, f - scorpion
Aim: a scorpion (umbra, chance to defeat MR: 50%)
The scorpion looks drowsy...
The jumping spider completely misses you. x2
The jumping spider pounces on you.
You are caught in a web!
The jumping spider misses you. The jumping spider pounces on you!
The jumping spider bites you but does no damage.
The jumping spider barely misses you. The jumping spider bites you.
You struggle to detach yourself from the web.
The jumping spider pounces on you but does no damage.
The jumping spider bites you. The jumping spider misses you.
The jumping spider bites you!
Unknown command.
The web tears apart.
The jumping spider misses you.
The jumping spider completely misses you.
The jumping spider pounces on you!
You die...

▓▓▓▓▓▓▓▓▓▓▓▓▓▓▓▓▓▓▓
▓.8©8.▓.8©8.▓.8©8.▓
▓.|[|.▓.|.|.▓.....▓
▓†ss..▓.....▓†}...▓
▓.@s..▓.....▓.....▓
▓.....▓.....▓.....▓
▓.....▓.....▓..©..▓
▓..©..▓..©..▓▓▓▓▓▓▓
▓▓▓▓▓▓▓▓▓▓▓▓▓


You could see 2 jumping spiders and a scorpion.

Vanquished Creatures
  2 ugly things (D)
  2 necrophages (D)
  A phantom (D)
  A scorpion (D)
6 creatures vanquished.

Notes
Turn   | Place    | Note
-------+----------+-------------------------------------------
     0 | D        | Found the +6 Majin-Bo {vamp, Archmagi MP+6 Int+6}
     0 | D        | Found the +7 great mace "Firestarter" {inner flame, rF++}
     0 | D        | nuthulu the Spriggan Enchanter began the quest for the Orb.
     0 | D        | Reached XP level 1. HP: 9/9 MP: 5/5
     0 | D        | Found a deep blue altar of Sif Muna.
     0 | D        | Found a sacrificial altar of Ru.
     0 | D        | Found a bloodstained altar of Trog.
     0 | D        | Found a stormy altar of Qazlal.
     0 | D        | Found an iron altar of Okawaru.
     0 | D        | Found a sparkling altar of Nemelex Xobeh.
     0 | D        | Found a blossoming altar of Fedhas.
     2 | D        | Found a transporter.
     2 | D        | Found an ancient bone altar of Kikubaaqudgha.
     2 | D        | Found a viscous altar of Jiyva.
     2 | D        | Found a corrupted altar of Lugonu.
     2 | D        | Found a hazy altar of Hepliaklqana.
     2 | D        | Found a burning altar of Makhleb.
     2 | D        | Found an opulent altar of Gozag.
    32 | D        | Found the +9 heavy crossbow "Sniper" {velocity, Acc+∞ SInv}
    32 | D        | Found the +10 dark maul {crush}
    32 | D        | Found the +15 Maxwell's patent armour {-Cast -Tele rElec
                  | MR+ rCorr}
    32 | D        | Found the +18 shield of the Gong {rElec rN+ MR+ EV-5}
    32 | D        | Found the cursed +14 obsidian axe {chop, +Fly SInv *Curse}
    33 | D        | Found the +6 shillelagh "Devastator" {shatter}
    33 | D        | Found the +11 plutonium sword {*Contam Stlth-}
    33 | D        | Found the +8 lance "Wyrmbane" {slay drac, rPois rF+ rC+
                  | AC+3}
    33 | D        | Found the +9 sword of Zonguldrok {reap}
    33 | D        | Found the cursed +13 scythe of Curses {drain, *Curse}
    33 | D        | Found the +0 sword of Power
    33 | D        | Found the +7 mace of Variability {chain chaos}
    33 | D        | Found the +7 Singing Sword {slice, sonic wave}
    33 | D        | Found the +7 longbow "Piercer" {penet, EV-2}
    49 | D        | Reached skill level 12 in Stealth
    49 | D        | Reached XP level 2. HP: 13/13 MP: 6/6
    58 | D        | Became a worshipper of Dithmenos the Shadowed
    66 | D        | Entered arena 2.
    66 | D        | Noticed a red ugly thing
    66 | D        | Noticed a brown ugly thing
    66 | D        | Found a transporter.
    69 | D        | Killed a red ugly thing
    69 | D        | Reached skill level 5 in Short Blades
    69 | D        | Reached skill level 14 in Stealth
    69 | D        | Reached XP level 3. HP: 16/16 MP: 6/12
    69 | D        | Reached XP level 4. HP: 21/21 MP: 7/14
    69 | D        | Reached XP level 5. HP: 24/24 MP: 7/15
    69 | D        | Reached XP level 6. HP: 28/28 MP: 7/17
    75 | D        | Killed a brown ugly thing
    75 | D        | Reached skill level 10 in Dodging
    75 | D        | Reached skill level 15 in Stealth
    75 | D        | Reached XP level 7. HP: 32/32 MP: 7/20
    80 | D        | Learned a level 3 spell: Confuse
    84 | D        | Learned a level 3 spell: Tukima's Dance
    87 | D        | Learned a level 2 spell: Ensorcelled Hibernation
    91 | D        | Learned a level 3 spell: Dazzling Spray
   154 | D        | Entered arena 3.
   154 | D        | Found a transporter.
   168 | D        | Reached * piety under Dithmenos
   175 | D        | Reached skill level 16 in Stealth
   177 | D        | Reached ** piety under Dithmenos
   177 | D        | Reached XP level 8. HP: 36/36 MP: 12/21
   247 | D        | Entered arena 4.
   247 | D        | Noticed a jumping spider
   247 | D        | Noticed a jumping spider
   247 | D        | Found a transporter.
   256 | D        | Slain by a jumping spider

Skill      XL: |  1  2  3  4  5  6  7 |
---------------+----------------------+-----
Stealth        | 12 14 15 16 | 16.6
Short Blades   | 5 7 |  7.4
Dodging        | 8 10 11 | 11.2
Spellcasting   | 7 8 |  8.6
Hexes          | 7 9 |  9.0

Action                   |  1- 3 |  4- 6 |  7- 9 || total
-------------------------+-------+-------+-------++-------
Melee: Quick blade       |     1 |     4 |    10 ||    15
 Cast: Dazzling Spray    |       |       |     2 ||     2
       Ensorcelled Hiber |       |       |     2 ||     2
  Use: Potion            |     1 |     2 |     3 ||     6
 Stab: Sleeping          |     1 |       |     1 ||     2
       Invisible         |       |     2 |     2 ||     4
Armor: Robe              |       |       |     2 ||     2
Dodge: Dodged            |     1 |     2 |    29 ||    32
